 Dungeon Crawl Stone Soup version 0.23.1 (webtiles) character file.

Game seed: 12131660439446489588

53 Borgoz the Sneak (level 3, -6/26 HPs)
             Began as a Ghoul Enchanter on Mar 13, 2019.
             Mangled by Natasha (7 damage)
             ... on level 2 of the Dungeon.
             The game lasted 00:02:50 (1415 turns).

Borgoz the Sneak (Ghoul Enchanter)                  Turns: 1415, Time: 00:02:50

Health: -6/26      AC:  6    Str: 11    XL:     3   Next: 89%
Magic:  4/4        EV: 10    Int: 10    God:
Gold:   106        SH:  0    Dex: 10    Spells: 4/5 levels left

rFire    . . .     SeeInvis .   a - +1 dagger
rCold    + . .     Gourm    .   (no shield)
rNeg     + + +     Faith    .   g - +1 ring mail
rPois    ∞         Spirit   .   (no helmet)
rElec    .         Reflect  .   (no cloak)
rCorr    .         Harm     .   (no gloves)
MR       .....                  (no boots)
Stlth    ++........             (no amulet)
HPRegen  0.00/turn              p - -2 ring of slaying (curse)
MPRegen  0.09/turn              (no ring)

@: rotting, slowed, very slow
A: rotting body, claws 1, carnivore, cold resistance 1, negative energy
resistance 3, inhibited regeneration, torment resistance, unbreathing
a: no special abilities


You were on level 2 of the Dungeon.
You were not hungry.

You visited 1 branch of the dungeon, and saw 2 of its levels.

You collected 106 gold pieces.

Inventory:

Hand Weapons
 a - a +1 dagger (weapon)
Missiles
 b - 6 tomahawks
 k - 7 poisoned javelins (quivered)
Armour
 g - a +1 ring mail (worn)
Jewellery
 p - a cursed -2 ring of slaying (left claw)
Scrolls
 c - a scroll of fog
 h - a scroll of teleportation
 i - a scroll of identify
 j - a scroll of enchant armour
Potions
 l - a potion of might
Comestibles
 d - 7 rations


   Skills:
 * Level 1.8 Short Blades
 * Level 1.6 Armour
 + Level 2.2 Dodging
 + Level 3.7 Stealth
 - Level 1.7 Spellcasting
 - Level 2.4 Hexes


You had 4 spell levels left.
You knew the following spells:

 Your Spells              Type           Power        Failure   Level  Hunger
a - Corona                Hex            #......      28%         1    ##.....

Your spell library contained the following spells:

 Spells                   Type           Power        Failure   Level  Hunger
 Ensorcelled Hibernation  Hex/Ice        #.....       56%         2    ###....
 Confuse                  Hex            #.......     63%         3    ####...
 Tukima's Dance           Hex            #.......     63%         3    ####...
 Dazzling Spray           Conj/Hex       #.....       80%         3    ####...


Dungeon Overview and Level Annotations

Branches:
Dungeon (2/15)

Altars:
Nemelex Xobeh

Annotations:
D:2 Natasha


Innate Abilities, Weirdness & Mutations

Your body is rotting away.
You thrive on raw meat.
You are immune to poison.
You have sharp fingernails.
You are carnivorous and can eat meat at any time.
Your flesh is cold resistant. (rC+)
You are immune to negative energy. (rN+++)
You do not regenerate when monsters are visible.
You are immune to unholy pain and torment.
You can survive without breathing.


Message History

You feel as though you will be slow longer.
You closely miss Natasha.
Natasha is lightly wounded.
Natasha barely misses you. The white imp barely misses you.
You hit Natasha but do no damage.
Natasha is lightly wounded.
Natasha casts a spell.
The white imp completely misses you. The white imp hits you.
The white imp freezes you. You resist.
* * * LOW HITPOINT WARNING * * *
Natasha claws you.
* * * LOW HITPOINT WARNING * * *
Casting: Corona (safe; 28% risk of failure)
Confirm with . or Enter, or press ? or * to list all spells.
You don't know that spell.
Unknown command.
You closely miss Natasha.
Natasha is lightly wounded.
The white imp barely misses you. Natasha claws you!
You die...

##### #.... #.### #.#..
*****######## #.#..
*,,,*#..5$..# #.#..
*,,,##h@....########.#..
#.......5............[..
#>...................<..
#...##......########....
#..,*#......# #....
#.,,*######## #....
#,,,* #.... #.#** #....
#.# ######## #..#.


You could see Natasha, a crimson imp and a white imp.

Vanquished Creatures
  An adder (D:2)
  4 dart slugs (D:1)
  3 orcs (D:2)
  2 giant cockroaches (D:1)
  6 goblins
  3 hobgoblins (D:2)
  4 jackals (D:1)
  5 bats
  A frilled lizard (D:1)
  2 kobolds (D:1)
  A rat (D:2)
32 creatures vanquished.

Notes
Turn   | Place    | Note
-------+----------+-------------------------------------------
     0 | D:1      | Borgoz the Ghoul Enchanter began the quest for the Orb.
     0 | D:1      | Reached XP level 1. HP: 14/14 MP: 2/2
   130 | D:1      | Reached skill level 1 in Short Blades
   198 | D:1      | Reached XP level 2. HP: 7/20 MP: 3/3
   376 | D:1      | Found a sparkling altar of Nemelex Xobeh.
   408 | D:1      | Reached skill level 1 in Armour
   709 | D:1      | Reached XP level 3. HP: 26/26 MP: 4/4
  1399 | D:2      | Noticed Natasha
  1414 | D:2      | HP: 1/26 [Natasha (6)]
  1415 | D:2      | Mangled by Natasha

Skill      XL: |  1  2 |
---------------+-------+-----
Short Blades   | 1 |  1.8
Dodging        | 2 |  2.2
Armour         | 1 |  1.6
Stealth        | |  3.7
Spellcasting   | |  1.7
Hexes          | |  2.4

Action                   || total
-------------------------++-------
Melee: Dagger            ||   170
  Use: Scroll            ||     9
       Potion            ||     2
 Stab: Sleeping          ||     2
  Eat: Chunk             ||    16
Armor: Ring mail         ||    56
Dodge: Dodged            ||   100
